 Dungeon Crawl Stone Soup version 0.27-a0-1137-g3ef0f4ec91 (webtiles) character file.

Game seed: 17969411577758639680

51 kae the Slasher (level 3, -2/29 HPs)
             Began as a Demonspawn Abyssal Knight on May 6, 2021.
             Was a Believer of Lugonu.
             Slain by a black bear (10 damage)
             ... on level 2 of the Dungeon.
             The game lasted 00:00:44 (1513 turns).

kae the Slasher (Demonspawn Abyssal Knight)         Turns: 1513, Time: 00:00:44

Health: -2/29      AC:  3    Str: 13    XL:     3   Next: 58%
Magic:  0/4        EV: 11    Int: 13    God:    Lugonu [**....]
Gold:   42         SH:  0    Dex: 12    Spells: 2/2 levels left

rFire    . . .     SeeInvis .   a - +1 falchion
rCold    . . .     Faith    .   (no shield)
rNeg     . . .     Spirit   +   b - +0 leather armour
rPois    .         Reflect  .   (no helmet)
rElec    .         Harm     .   (no cloak)
rCorr    .         Rampage  .   (no gloves)
Will     .....                  (no boots)
Stlth    +.........             e - amulet of guardian spirit
HPRegen  0.09/turn              (no ring)
MPRegen  0.09/turn              (no ring)

@: hasted, very quick
A: powered by death 1
a: Renounce Religion, Depart the Abyss, Bend Space


You were on level 2 of the Dungeon.
You worshipped Lugonu.
Lugonu was pleased with you.
You visited 1 branch of the dungeon, and saw 2 of its levels.
You visited the Abyss 1 time.

You collected 42 gold pieces.

Inventory:

Hand Weapons
 a - a +1 falchion (weapon)
Armour
 b - a +0 leather armour (worn)
Jewellery
 e - an amulet of guardian spirit (around neck)
Scrolls
 f - a scroll of enchant armour {unknown}
Potions
 c - a potion of cancellation


   Skills:
 - Level 3.0 Fighting
 + Level 3.6 Long Blades
 - Level 1.7 Armour
 - Level 0.8 Dodging
 - Level 2.4 Invocations


You had 2 spell levels left.
You didn't know any spells.
Your spell library was empty.

Dungeon Overview and Level Annotations

Branches:
Dungeon (2/15)

Altars:

Shops:
D:1 :


Innate Abilities, Weirdness & Mutations

You regenerate a little health from kills.


Message History

The black bear bites you! The black bear barely misses you. x2
There are monsters nearby!
There are monsters nearby!
You closely miss the black bear.
The black bear is moderately wounded.
The black bear closely misses you. The black bear misses you.
The black bear barely misses you. The black bear bites you.
The black bear completely misses you.
The black bear claws you but does no damage.
You are too injured to fight recklessly!
There are monsters nearby!
You are too injured to fight recklessly!
You are too injured to fight recklessly!
There are monsters nearby!
You are too injured to fight recklessly!
You are too injured to fight recklessly!
You are too injured to fight recklessly!
You are too injured to fight recklessly!
It was a potion of haste.
You feel yourself speed up.
The black bear bites you but does no damage.
The black bear barely misses you. The black bear claws you.
You hit the black bear.
The black bear is heavily wounded.
The black bear bites you.
The black bear claws you but does no damage.
The black bear barely misses you.
You closely miss the black bear.
The black bear is heavily wounded.
You hit the black bear.
The black bear is severely wounded.
The black bear barely misses you. The black bear closely misses you.
The black bear claws you.
* * * LOW HITPOINT WARNING * * *
You slash the black bear!
The black bear is almost dead.
The black bear goes berserk!
You hit the black bear.
The black bear is almost dead.
The goblin closely misses you. The black bear bites you!
You die...

.#.# ####.#.#.#.. .#.## #
...#.......# ...# .##
...#.#.#.# ..##..##
#.......###.
##.......###.#.#.#.....
##...###...........(....
##.....##.####.....##....
#.......#.# ##.hg## #
........#.# ###@.#
........#.# #....#
.......)..####.##.####
†#.....#....##.......#
.......<#.#..#.......#
........#..#.........#
........#............#
.>.....##.#.#.#......#
.....................#


You could see a black bear (berserk) and a goblin.

Vanquished Creatures
  An adder (D:1)
  5 ball pythons
  2 endoplasms
  2 giant cockroaches
  4 goblins
  4 hobgoblins (D:1)
  9 jackals
  3 kobolds
  A quokka (D:1)
  A bat (D:2)
  4 frilled lizards
  2 rats (D:1)
38 creatures vanquished.

Notes
Turn   | Place    | Note
-------+----------+-------------------------------------------
     0 | Abyss:1  | kae the Demonspawn Abyssal Knight began the quest for the
                  | Orb.
     0 | Abyss:1  | Reached XP level 1. HP: 18/18 MP: 2/2
    25 | Abyss:1  | Noticed a starcursed mass
    39 | D:1      | Escaped the Abyss
    88 | D:1      | Found Lyil's Book Shop.
   573 | D:1      | Gained mutation: You regenerate a little health from kills.
                  | [demonic ancestry]
   573 | D:1      | Reached XP level 2. HP: 20/24 MP: 3/3
  1199 | D:1      | Reached ** piety under Lugonu
  1359 | D:1      | Reached XP level 3. HP: 20/29 MP: 4/4
  1497 | D:2      | Noticed a black bear
  1513 | D:2      | Slain by a black bear

Illustrated notes

Levels and vault maps discovered:
D:1:      dpeg_arrival_long_road, layout_loops_ring, serial_shops, shop,
          minmay_misc_feat_room
D:2:      minmay_inner_zag, layout_rooms, basic_altar, serial_glass,
          glass_columns_b, glass_columns_b, glass_columns_c, glass_columns_a,
          glass_columns_a, shapermc_ecumenical_altar_totnotflames,
          minmay_crystal_room, uniq_jessica

Skill      XL: |  1  2 |
---------------+-------+-----
Long Blades    | 2 3 |  3.6
Fighting       | |  3.0
Armour         | |  1.7
Dodging        | |  0.8
Invocations    | |  2.4

Action                   || total
-------------------------++-------
Melee: Falchion          ||   111
  Use: Scroll            ||     1
       Potion            ||     1
Armor: Leather armour    ||    48
Dodge: Dodged            ||    96
       Rpst.: Falchion   ||    24

Table legend: (Time is in decaauts)
 A = Elapsed time spent in this place.
 B = Non-inter-level travel time spent in this place.
 C = Inter-level travel time spent in this place.
 D = Time resting spent in this place.
 E = Time spent auto-exploring this place.
 F = Levels seen in this place.
 G = Mean time per level.
                   A        B        C        D        E       F      G
               +--------+--------+--------+--------+--------+-----+--------+
         Total |   1527 |   1482 |     45 |     37 |   1204 |   3 |  509.0 |
       Dungeon |   1488 |   1443 |     45 |     37 |   1179 |   2 |  744.0 |
         Abyss |     39 |     39 |      0 |      0 |     25 |   1 |   39.0 |
               +--------+--------+--------+--------+--------+-----+--------+

Top non-repeatable levels by time:
     D:1: 1348 daAuts
     D:2: 140 daAuts
 Abyss:1: 39 daAuts
